 Dungeon Crawl Stone Soup version 0.30.0-16-gbe6223bb7e (webtiles) character file.

Game seed: 6040011042374260343

1559633 mdonais the Metallomancer (level 27, 237/237 HPs)
             Began as a Demigod Enchanter on May 20, 2023.
             Escaped with the Orb
             ... and 3 runes on May 21, 2023!
             The game lasted 08:15:12 (99972 turns).

mdonais the Metallomancer (Demigod Enchanter)      Turns: 99972, Time: 08:15:12

Health: 237/237    AC: 17    Str:  7    XL:     27
Magic:  61/61      EV: 24    Int: 62    God:
Gold:   645        SH: 21    Dex: 20    Spells: 15/64 levels left

rFire   + . .        b - staff of earth
rCold   + + .        R - +5 kite shield {rPois}
rNeg    + . .        C - +2 robe {rF+}
rPois   +            g - +2 helmet {SInv}
rElec   +            u - scarf of Failure {repulsion, Rampage rElec Str-2}
rCorr   +            s - +2 pair of gloves {Dex+3}
SInv    +            V - +5 pair of boots of the Comet {Fly Dex+3}
Will    +++..        l - amulet of Egalitarianism {RegenMP rC++ rCorr Stlth+}
Stlth   ++           e - +6 ring of intelligence
HPRegen 0.59/turn    J - ring "Loysoqi" {rN+ Will+ MP+9 Int+3}
MPRegen 0.77/turn

%: repel missiles, clarity, rampage
@: flying, hasted, studying 2 skills, very quick
A: high MP 1, forlorn, divine attributes, talons 1, clarity
0: Orb of Zot
}: 3/15 runes: barnacled, silver, gossamer
a: no special abilities


You escaped.
You visited 12 branches of the dungeon, and saw 52 of its levels.
You visited 3 bazaars.
You visited 1 ziggurat, and saw 11 of its levels.
You also visited: Trove, Volcano and Wizlab.

You collected 9714 gold pieces.
You spent 9069 gold pieces at shops.

Inventory:

Hand Weapons
 a - the +15 lance "Wyrmbane" {slay drac, rPois rF+ rC+ AC+3}
   (You took it off Maggie on level 1 of the Lair of Beasts)

   AC:        It affects your AC (+3).
   rF:        It protects you from fire.
   rC:        It protects you from cold.
   rPois:     It protects you from poison.
Missiles
 F - 13 curare-tipped darts (quivered)
 Z - 7 throwing nets {=!f}
Armour
 g - a +2 helmet of see invisible (worn)
   (You bought it in a shop in a bazaar)
 j - a +1 helmet of intelligence
   (You found it on level 2 of a ziggurat)
 k - a +2 cloak of willpower
   (You found it in a wizard's laboratory)
 p - a +5 kite shield of fire resistance
   (You took it off a naga warrior on level 8 of a ziggurat)
 s - a +2 pair of gloves of dexterity (worn)
   (You bought it in a shop in a bazaar)
 u - the scarf of Failure (worn) {repulsion, Rampage rElec Str-2}
   (You acquired it on level 1 of the Shoals)

   Str:       It affects your strength (-2).
   rElec:     It insulates you from electricity.
   Rampage:   It bestows one free step when moving towards enemies.
 x - a +2 robe of the Archmagi
   (You took it off a deep elf pyromancer on level 3 of the Elven Halls)
 C - a +2 robe of fire resistance (worn)
   (You found it on level 6 of the Dungeon)
 E - the +4 dragonskin cloak
   (You took it off Tiamat on level 4 of the Realm of Zot)

   Avatar's Aegis: It grants the wearer a chance to resist fire, cold, poison,
   electricity, acid, and negative energy.
 R - a +5 kite shield of poison resistance (worn)
   (You bought it in a shop on level 2 of the Orcish Mines)
 V - the +5 pair of boots of the Comet (worn) {Fly Dex+3}
   (You found it on level 9 of a ziggurat)

   Dex:       It affects your dexterity (+3).
   Fly:       It grants you flight.
Magical Staves
 b - a staff of earth (weapon)
   (You took it off a yaktaur on level 2 of the Vaults)
Jewellery
 e - a +6 ring of intelligence (left hand)
   (You bought it in a shop in a bazaar)
 l - the amulet of Egalitarianism (around neck) {RegenMP rC++ rCorr Stlth+}
   (You bought it in a shop in a bazaar)

   [amulet of magic regeneration]

   It increases your rate of magic regeneration.
   rC:        It greatly protects you from cold.
   rCorr:     It protects you from acid and corrosion.
   Stlth:     It makes you more stealthy.
 r - the ring "Xioxt" {+Blink Will- Str+3 Int+6 Dex+6}
   (You found it on level 9 of a ziggurat)

   [ring of dexterity]

   Str:       It affects your strength (+3).
   Int:       It affects your intelligence (+6).
   Dex:       It affects your dexterity (+6).
   +Blink:    It lets you blink.
   Will:      It decreases your willpower.
 J - the ring "Loysoqi" (right hand) {rN+ Will+ MP+9 Int+3}
   (You took it off a skeletal warrior on level 3 of the Crypt)

   [ring of positive energy]

   Int:       It affects your intelligence (+3).
   rN:        It protects you from negative energy.
   MP:        It affects your magic capacity (+9).
   Will:      It increases your willpower.
 P - the ring of Samonu {Ice rN+ Will+}
   (You took it off Josephina on level 2 of the Crypt)

   [ring of ice]

   It enhances your ice magic.
   rF:        It makes you vulnerable to fire.
   rC:        It protects you from cold.
   rN:        It protects you from negative energy.
   Will:      It increases your willpower.
Wands
 w - a wand of quicksilver (59)
   (You took it off Ijyb on level 3 of the Dungeon)
 D - a wand of digging (27)
   (You found it on level 2 of the Elven Halls)
 I - a wand of iceblast (32)
   (You found it on level 5 of the Dungeon)
Scrolls
 c - 3 scrolls of silence
 d - 13 scrolls of vulnerability
 n - 13 scrolls of poison
 q - 8 scrolls of fear
 t - 4 scrolls of amnesia
 y - 2 scrolls of butterflies
 z - 9 scrolls of fog
 B - 9 scrolls of blinking
 M - a scroll of magic mapping
 O - 16 scrolls of immolation
 T - 17 scrolls of teleportation
Potions
 f - 18 potions of mutation
 h - 10 potions of resistance
 i - 9 potions of might
 m - 11 potions of brilliance
 o - 5 potions of magic
 A - 11 potions of ambrosia
 G - 6 potions of invisibility
 H - 16 potions of haste
 L - a potion of berserk rage
 N - 12 potions of cancellation
 Q - 36 potions of curing
 S - 41 potions of heal wounds
Miscellaneous
 v - a phantom mirror
   (You found it on level 2 of the Vaults)
 K - a lightning rod (4/4)
   (You found it on level 10 of the Dungeon)
 U - a phial of floods
   (You found it on level 12 of the Dungeon)
 X - a box of beasts
   (You found it on level 4 of the Shoals)
 Y - a tin of tremorstones (2/2)
   (You found it on level 4 of the Shoals)


   Skills:
 - Level 17.7 Fighting
 - Level 3.5 Short Blades
 - Level 4.0 Polearms
 - Level 3.0 Throwing
 - Level 8.2 Armour
 - Level 17.8 Dodging
 - Level 8.0 Stealth
 - Level 18.0 Shields
 - Level 19.0 Spellcasting
 - Level 12.3 Conjurations
 - Level 5.0 Hexes
 - Level 7.0 Summonings
 - Level 3.0 Necromancy
 - Level 6.0 Translocations
 - Level 6.6 Ice Magic
 + Level 25.1 Earth Magic
 - Level 6.0 Evocations


You had 15 spell levels left.
You knew the following spells:

 Your Spells              Type           Power      Damage    Failure   Level
a - Lehudib's Crystal Sp  Conj/Erth      82%        10d18     1%          8
b - Lee's Rapid Deconstr  Erth           89%        3d39*     0%          5
c - Iron Shot             Conj/Erth      82%        9d15      1%          6
d - Shatter               Erth           89%        3d64*     1%          9
e - Iskenderun's Mystic   Conj/Tloc      100%       2d19      1%          4
f - Tukima's Dance        Hex            88%        N/A       1%          3
g - Dazzling Flash        Conj/Hex       100%       N/A       1%          3
h - Stone Arrow           Conj/Erth      100%       3d13      0%          3
i - Summon Ice Beast      Ice/Summ       97%        N/A       1%          4
j - Passwall              Tmut/Erth      100%       N/A       0%          2
k - Blink                 Tloc           100%       N/A       1%          2

Your spell library contained the following spells:

 Spells                   Type           Power      Damage    Failure   Level
 Kiss of Death            Conj/Necr      100%       2d13      0%          1
 Magic Dart               Conj           100%       1d8       0%          1
 Sandblast                Erth           100%       2d20      0%          1
 Momentum Strike          Conj/Tloc      100%       3d10      0%          2
 Searing Ray              Conj           100%       2d8       0%          2
 Animate Armour           Summ/Erth      100%       N/A       0%          4
 Leda's Liquefaction      Hex/Erth       76%        N/A       0%          4
 Apportation              Tloc           100%       N/A       1%          1
 Beastly Appendage        Tmut           100%       N/A       1%          1
 Foxfire                  Conj/Fire      100%       2x1d9     1%          1
 Freeze                   Ice            100%       1d10      1%          1
 Necrotise                Necr           100%       1d9       1%          1
 Shock                    Conj/Air       100%       1d9       1%          1
 Summon Small Mammal      Summ           100%       N/A       1%          1
 Call Imp                 Summ           100%       N/A       1%          2
 Cigotuvi's Dreadful Rot  Necr/Pois/Air  100%       N/A       1%          2
 Ensorcelled Hibernation  Hex/Ice        100%       N/A       1%          2
 Lesser Beckoning         Tloc           100%       N/A       1%          2
 Scorch                   Fire           100%       2d9       1%          2
 Static Discharge         Conj/Air       100%       2-7/arc   1%          2
 Wereblood                Tmut           56%        N/A       1%          2
 Call Canine Familiar     Summ           98%        N/A       1%          3
 Confusing Touch          Hex            88%        N/A       1%          3
 Frozen Ramparts          Ice            100%       1d16      1%          3
 Gell's Gravitas          Tloc           93%        N/A       1%          3
 Hailstorm                Conj/Ice       100%       3d20      1%          3
 Ignite Poison            Fire/Tmut/Pois 56%        N/A       1%          3
 Inner Flame              Hex/Fire       74%        N/A       1%          3
 Ozocubu's Armour         Ice            96%        N/A       1%          3
 Portal Projectile        Hex/Tloc       100%       N/A       1%          3
 Spider Form              Tmut/Pois      56%        N/A       1%          3
 Swiftness                Air            56%        N/A       1%          3
 Teleport Other           Tloc           93%        N/A       1%          3
 Vampiric Draining        Necr           77%        2d11      1%          3
 Vhi's Electric Charge    Tloc/Air       100%       N/A       1%          3
 Volatile Blastmotes      Fire/Tloc      100%       2d18      1%          3
 Anguish                  Hex/Necr       41%        N/A       1%          4
 Animate Dead             Necr           77%        N/A       1%          4
 Cause Fear               Hex            44%        N/A       1%          4
 Dispel Undead            Necr           77%        3d25      1%          4
 Flame Wave               Conj/Fire      94%        2d20      1%          4
 Fulminant Prism          Conj/Hex       52%        3d23      1%          4
 Ice Form                 Ice/Tmut       79%        N/A       1%          4
 Manifold Assault         Tloc           93%        N/A       1%          4
 Passage of Golubria      Tloc           93%        N/A       1%          4
 Petrify                  Tmut/Erth      100%       N/A       1%          4
 Sticky Flame             Conj/Fire      94%        2d10      1%          4
 Summon Lightning Spire   Summ/Air       80%        N/A       1%          4
 Arcjolt                  Conj/Air       47%        1d57      1%          5
 Borgnjor's Vile Clutch   Necr/Erth      74%        N/A       1%          5
 Fireball                 Conj/Fire      47%        3d19      1%          5
 Freezing Cloud           Conj/Ice/Air   47%        6-21      1%          5
 Irradiate                Conj/Tmut      47%        3d27      1%          5
 Iskenderun's Battlesphe  Conj           100%       2d15      1%          5
 Metabolic Englaciation   Hex/Ice        46%        N/A       1%          5
 Summon Forest            Summ/Tloc      48%        N/A       1%          5
 Summon Mana Viper        Hex/Summ       93%        N/A       1%          5
 Statue Form              Tmut/Erth      96%        N/A       1%          6
 Orb of Destruction       Conj           59%        9d14      1%          7
 Summon Cactus Giant      Summ           49%        N/A       2%          6
 Airstrike                Air            28%        2d(4-20)  3%          4
 Olgreb's Toxic Radiance  Pois           56%        N/A       3%          4
 Silence                  Hex/Air        37%        N/A       3%          5
 Yara's Violent Unravell  Hex/Tmut       37%        3d15      3%          5
 Conjure Ball Lightning   Conj/Air       47%        3x3d16    3%          6
 Dispersal                Tloc           46%        N/A       4%          6
 Spellforged Servitor     Conj/Summ      54%        N/A       4%          7
 Blade Hands              Tmut           28%        N/A       9%          5
 Death Channel            Necr           38%        N/A       14%         6
 Monstrous Menagerie      Summ           49%        N/A       16%         7
 Summon Hydra             Summ           49%        N/A       16%         7
 Ozocubu's Refrigeration  Ice            48%        4d18      17%         7
 Malign Gateway           Summ/Tloc      48%        N/A       19%         7
 Enfeeble                 Hex            44%        N/A       34%         7
 Eringya's Noxious Bog    Tmut/Pois      28%        N/A       43%         6
 Plasma Beam              Fire/Air       28%        2x1d44    43%         6
 Summon Horrible Things   Summ           49%        N/A       75%         8
 Disjunction              Tloc           46%        N/A       87%         8
 Dragon Form              Tmut           28%        N/A       95%         7
 Storm Form               Tmut/Air       28%        N/A       95%         7
 Discord                  Hex            44%        N/A       95%         8
 Borgnjor's Revivificati  Necr           38%        N/A       99%         8
 Infestation              Necr           38%        N/A       99%         8
 Ignition                 Fire           28%        3d9       100%        8
 Maxwell's Capacitive Co  Air            28%        ∞         100%        8


Dungeon Overview and Level Annotations

Branches:
Dungeon (15/15)            Temple (1/1) D:5            Lair (5/5) D:9
 Shoals (4/4) Lair:2       Spider (4/4) Lair:2        Slime (0/5) Lair:5
    Orc (2/2) D:12            Elf (3/3) Orc:2        Vaults (5/5) D:13
  Crypt (3/3) Vaults:3       Tomb (1/3) Crypt:3      Depths (4/4) D:15
    Zot (5/5) Depths:4    Volcano (visited)          WizLab (visited)

Shops:
D:5 (   D:15 (   Orc:2 *[![(   Elf:2 [![   Elf:3 (?   Shoals:4 [
Vaults:5 (?!!!(!!::!!!!

Portals:
Hell: Depths:1 Depths:2 Depths:3 Depths:4
Abyss: Depths:3
Pandemonium: Depths:2

Annotations:
Elf:2 3 runed translucent doors


Innate Abilities, Weirdness & Mutations

You have an increased reservoir of magic. (+10% MP)
You shall have no god before yourself.
Your divine heritage dramatically boosts your attributes as you level up.
You have sharp toenails.
You possess an exceptional clarity of mind.


Message History

Magic restored.
You finish merging with the rock.
There is a stone staircase leading up here.
You fly upwards.
There is a stone staircase leading down here.
A chaos spawn comes into view.
You rampage towards the chaos spawn!
You hit the chaos spawn but do no damage.
You shatter the chaos spawn!!
The chaos spawn is severely wounded.
The chaos spawn closely misses you.
You hit the chaos spawn but do no damage.
You shatter the chaos spawn!!
You kill the chaos spawn!
The chaos spawn degenerates into a cloud of primal chaos!
Really fly into that cloud of seething chaos? [Y]es or [N]o only, please.
Really fly into that cloud of seething chaos?
Okay, then.
Things that are here:
a +0 kite shield; a +0 ring mail; a +0 war axe
There is an escape hatch in the ceiling here.
A mysterious force pulls you upwards. The hatch slams shut behind you.
A lorocyproca comes into view.
Casting: Passwall (safe; 0% risk of failure)
Confirm with . or Enter, or press ? or * to list all spells.
Aiming: Iron Shot (safe; 1% risk of failure)
Press: ? - help, Shift-Dir - straight line, f - lorocyproca
Aim: a lorocyproca (slightly transparent, 79% to hit)
You feel a surge of power!
The iron shot misses the lorocyproca.
You now have 56/61 mp.
Casting: Iron Shot (safe; 1% risk of failure)
Confirm with . or Enter, or press ? or * to list all spells.
Aiming: Iron Shot (safe; 1% risk of failure)
Press: ? - help, Shift-Dir - straight line, f/p - lorocyproca
Aim: a lorocyproca (slightly transparent, 79% to hit)
You feel a surge of power!
The iron shot hits the lorocyproca!!!!
You kill the lorocyproca!
You now have 51/61 mp.
An Executioner comes into view.
There is a stone staircase leading up here.
The Executioner gestures.
The Executioner seems to speed up.
You fly upwards.
There is a stone staircase leading down here.
You regained 2 mp, and now have 58/61 mp.
An Executioner comes into view.
You see here a +0 ring mail.
You regained 2 mp, and now have 60/61 mp.
Casting: Iron Shot (safe; 1% risk of failure)
Confirm with . or Enter, or press ? or * to list all spells.
Aiming: Iron Shot (safe; 1% risk of failure)
Press: ? - help, Shift-Dir - straight line, f - Executioner
Aim: an Executioner (72% to hit)
You feel a surge of power!
The iron shot hits the Executioner!!!
The Executioner is almost dead.
You block the Executioner's attack. x3
You now have 55/61 mp.
Casting: Iron Shot (safe; 1% risk of failure)
Confirm with . or Enter, or press ? or * to list all spells.
Aiming: Iron Shot (safe; 1% risk of failure)
Press: ? - help, Shift-Dir - straight line, f/p - Executioner
Aim: an Executioner (almost dead, 72% to hit)
You feel a surge of power!
The iron shot hits the Executioner!!!
You kill the Executioner!
You now have 50/61 mp.
Casting: Iron Shot (safe; 1% risk of failure)
Confirm with . or Enter, or press ? or * to list all spells.
Aiming: Passwall (safe; 0% risk of failure)
Press: ? - help, Dir - move target A rock wall.
This square is covered in magical glow.
You feel a surge of power!
You begin to meditate on the wall.
You continue meditating on the rock. x2
You finish merging with the rock.
There is an open door here.
You feel yourself speed up.
MP restored: 61
There is an escape hatch in the ceiling here.
Things that are here:
a +0 robe; a +0 dagger A mysterious force pulls you upwards.
The hatch slams shut behind you.
There is a stone staircase leading up here.
You fly upwards.
There is a stone staircase leading down here.
Your extra speed is starting to run out.
You feel yourself slow down.
There is a stone staircase leading up, spattered with blood here.
There is a stone staircase leading up, spattered with blood here.
You fly upwards.
There is a stone staircase leading down here.
You feel yourself speed up.
There is a stone staircase leading up here.
You fly upwards.
There is a stone staircase leading down here.
There is a stone staircase leading up here.
You fly upwards.
There is a stone staircase leading down here.
Your extra speed is starting to run out.
There is a stone staircase leading up here.
You fly upwards.
There is a stone staircase leading down here.
You feel as though your hastened speed will last longer.
A blizzard demon comes into view.
Casting: Passwall (safe; 0% risk of failure)
Confirm with . or Enter, or press ? or * to list all spells.
Aiming: Passwall (safe; 0% risk of failure)
Press: ? - help, Dir - move target A rock wall.
This square is covered in magical glow.
You feel a surge of power!
You begin to meditate on the wall.
You continue meditating on the rock. x2
Magic restored.
You finish merging with the rock.
There is an escape hatch in the ceiling here.
A mysterious force pulls you upwards. The hatch slams shut behind you.
There is an escape hatch in the ceiling here.
A mysterious force pulls you upwards. The hatch slams shut behind you.
Casting: Passwall (safe; 0% risk of failure)
Confirm with . or Enter, or press ? or * to list all spells.
Aiming: Passwall (safe; 0% risk of failure)
Press: ? - help, Dir - move target A rock wall.
This square is covered in magical glow.
You feel a surge of power!
You begin to meditate on the wall.
You continue meditating on the rock. x3
Magic restored.
You finish merging with the rock.
There is a stone staircase leading up here.
You fly upwards.
There is a stone staircase leading down here.
Your extra speed is starting to run out.
Casting: Passwall (safe; 0% risk of failure)
Confirm with . or Enter, or press ? or * to list all spells.
Aiming: Passwall (safe; 0% risk of failure)
Press: ? - help, Dir - move target A rock wall.
This square is covered in magical glow.
You feel a surge of power!
You begin to meditate on the wall.
You continue meditating on the rock. x2
You finish merging with the rock.
You now have 60/61 mp.
MP restored: 61
There is a stone staircase leading up here.
You feel yourself slow down.
You fly upwards.
There is a stone staircase leading down here.
You feel yourself speed up.
There is a staircase leading out of the dungeon here.
You have escaped!

.......# #.#
#..##.#....... .......#
##.## ##..##.#...##.#
.......# #...##
##...#.........#
.......#
##.##.###.#..#.##....###
.......#
#..###.#.###.........# #
######## #.## ##.##
##........# # ..##
##.###.#.###.#....#.## #
#..####
##.#.#.#.#.#######.####
##....#
##.#.@.#)###..........
#####.##
##.#.#.#.#.##.####.####
# #..# ##.###.#.###.#.#
#.# # ##.###.## ##.##
##..# #.# # #.##..#
##.#.####..# #.# #
#....####.###.#....# #.#
## ####.##..#####..####
#.# .# #............#
#.# .# ########.....#
#.#


There were no monsters in sight!

Vanquished Creatures
  8 dread liches
  Tiamat (Zot:4)
  2 ancient liches
  4 orbs of fire (Zot:5)
  2 juggernauts
  Boris (thrice) (Vaults:3 Crypt:1 Crypt:3)
  14 royal mummies (Tomb:1)
  Josephina (Crypt:2)
  Vv (Crypt:2)
  Bai Suzhen (Shoals:4)
  8 Killer Klowns
  A shard shrike (Zig:4)
  Saint Roka (Vaults:3)
  2 curse toes (Zot:3)
  2 pandemonium lords (Zig:10)
  7 golden dragons
  Jory (Crypt:2)
  A Hellbinder (WizLab)
  2 bone dragons (Crypt:3)
  A Tzitzimitl (Zot:1)
  3 iron giants
  A doom hound (Zig:2)
  13 tentacled monstrosities
  3 Hell Sentinels (Zig:9)
  5 electric golems
  6 liches
  25 Orb Guardians (Zot:5)
  A walking earthen tome (Depths:3)
  Asterion (Elf:1)
  A deep elf blademaster (Elf:3)
  2 deep elf master archers (Elf:3)
  8 quicksilver dragons
  11 titans
  9 ancient champions
  9 sphinxes
  3 acid blobs (Zig:11)
  3 death cobs
  Frances (Shoals:1)
  2 Executioners
  5 shadow dragons
  The ghost of Himmaryad the Brawler, an adept TrMo of Nemelex Xobeh (Depths:4)
  A shadow dragon (shapeshifter) (Zig:10)
  10 storm dragons
  A rockslime (Zig:11)
  11 tengu reavers
  Roxanne (Shoals:1)
  A fenstrider witch (shapeshifter) (Zig:10)
  A nagaraja (Zig:8)
  5 draconian knights (Zot:1)
  12 fire giants
  3 azure jellies (Zig:11)
  4 revenants
  4 draconian monks
  A nargun (Zig:4)
  Louise (Shoals:2)
  11 emperor scorpions
  11 deep elf sorcerers
  21 frost giants
  A balrug (WizLab)
  19 vault wardens
  A frost giant (shapeshifter) (Zig:10)
  A quicksilver elemental (Zig:9)
  5 iron dragons
  6 draconian scorchers
  7 ghouls
  4 ghost moths (Spider:4)
  A curse skull (Crypt:3)
  2 orc warlords
  5 draconian shifters
  4 draconian annihilators
  24 very ugly things
  12 draconian stormcallers
  4 deep elf elementalists (Elf:3)
  A spriggan defender (Depths:3)
  24 ironbound preservers
  A quicksilver ooze (Zig:11)
  2 reapers
  A demonspawn blood saint (Depths:1)
  5 war gargoyles
  A broodmother (Spider:4)
  12 ironbound thunderhulks
  A quicksilver ooze (shapeshifter) (Vaults:5)
  7 deep elf demonologists
  14 stone giants
  4 green draconians
  10 vampire knights
  A demonspawn black sun (WizLab)
  9 yellow draconians
  19 black draconians
  2 lorocyprocas
  9 spark wasps
  The ghost of Taetuu the Cleaver, a journeyman DsBe of Trog (Depths:4)
  8 deep elf annihilators
  5 white draconians
  A wendigo (Zig:4)
  9 deep elf death magi
  16 red draconians
  5 eidola
  11 purple draconians
  9 merfolk impalers
  Snorg (D:14)
  A blizzard demon (Depths:1)
  3 green deaths
  A crystal guardian (Vaults:1)
  16 fire dragons
  A mummy priest (Tomb:1)
  3 jiangshi
  5 merfolk javelineers
  An acid blob zombie (Crypt:2)
  8 entropy weavers
  11 ettins
  Harold (Lair:2)
  The ghost of nemohh the Severer, a journeyman HOFi of Okawaru (D:12)
  7 great orbs of eyes
  6 hell beasts
  3 ogre magi
  2 fenstrider witch zombies
  5 deep elf high priests
  19 yaktaur captains
  45 vault guards
  A quicksilver dragon skeleton (Crypt:3)
  5 salamander tyrants
  8 ice dragons
  A peacekeeper (Vaults:1)
  2 jorogumos
  2 rakshasas (Depths:2)
  2 hydras
  4 death knights
  9 ironbound frosthearts
  3 spriggan air magi
  Erica (Lair:1)
  13 centaur warriors
  4 radroaches
  4 spriggan skeletons
  An anaconda (shapeshifter) (Depths:2)
  3 merfolk avatars
  5 deep troll shamans
  23 dancing weapons
  A two-headed ogre (shapeshifter) (Depths:4)
  7 merfolk aquamancers
  11 two-headed ogres
  2 alligator snapping turtles
  5 deep troll earth magi
  3 boulder beetles
  6 death scarabs (Tomb:1)
  3 orc high priests
  A naga warrior (Zig:8)
  7 tengu warriors
  2 hell hogs (Depths:2)
  Urug (Lair:2)
  3 spriggan berserkers
  12 vampire magi
  6 death yaks
  An emperor scorpion zombie (Crypt:3)
  2 sun demons
  A naga sharpshooter (Zig:8)
  19 hell knights
  A shock serpent (Zig:8)
  A crystal echidna (Zig:9)
  2 titan zombies
  9 soul eaters
  15 deep elf knights
  4 shadow wraiths
  A titan skeleton (Crypt:1)
  Nergalle (Lair:2)
  A sixfirhy (WizLab)
  Sonja (Lair:3)
  7 iron trolls
  4 pharaoh ants
  2 skysharks
  4 shadow demons (WizLab)
  43 skeletal warriors
  A bunyip zombie (Crypt:2)
  18 sea snakes
  An obsidian statue (Zot:5)
  40 deep trolls
  6 flayed ghosts
  A bunyip skeleton (Crypt:2)
  A swamp dragon (Lair:5)
  13 phantasmal warriors
  A swamp dragon (shapeshifter) (Vaults:5)
  4 bog bodies
  3 glowing orange brains
  A lindwurm (shapeshifter) (Vaults:5)
  2 spriggan simulacra (Crypt:2)
  13 orb spiders
  7 orc knights
  8 wizards
  22 deep elf archers
  39 deep elf pyromancers
  An orange crystal statue (Elf:2)
  8 steelbarb worms
  25 ironbound convokers
  An iron giant skeleton (Crypt:3)
  22 harpies
  34 deep elf zephyrmancers
  18 necromancers
  7 lindwurms
  23 wolf spiders
  8 orc sorcerers
  2 mana vipers
  5 cyclopes
  A manticore (shapeshifter) (Zig:10)
  37 ugly things
  18 fauns
  21 manticores
  24 moths of wrath
  2 sphinx skeletons
  13 merfolk sirens
  2 apocalypse crabs (Zig:10)
  A moth of wrath (shapeshifter) (Vaults:1)
  4 stone giant skeletons
  4 water nymphs
  6 demonic crawlers (Spider:2)
  The ghost of SecretSquirrel the Skirmisher, a novice MiHu (D:5)
  3 rust devils
  A titan simulacrum (Crypt:1)
  13 elephants
  2 water nymphs (shapeshifter)
  12 black mambas
  25 vault sentinels
  4 torpor snails (Lair:4)
  An orange demon (WizLab)
  A naga zombie (Crypt:2)
  2 naga magi (Zig:5)
  7 cane toads
  An unseen horror (D:12)
  2 gargoyles
  2 spriggan zombies
  2 smoke demons (WizLab)
  3 human zombies (Vaults:4)
  A catoblepas zombie (Crypt:2)
  An efreet (D:13)
  Maggie (Lair:1)
  A komodo dragon (shapeshifter) (Zig:10)
  5 komodo dragons
  4 freezing wraiths
  A dire elephant skeleton (Crypt:3)
  2 kobold demonologists
  3 naga skeletons (Crypt:3)
  24 yaktaurs
  5 rime drakes
  A green draconian skeleton (Crypt:2)
  An alligator snapping turtle skeleton (Crypt:3)
  A bunyip simulacrum (Crypt:2)
  2 hellions (Zot:4)
  A tormentor (WizLab)
  3 tengu conjurers
  5 red devils (WizLab)
  A guardian mummy (Tomb:1)
  A harpy zombie (Crypt:2)
  2 wind drakes (shapeshifter)
  An ice devil (WizLab)
  A hellwing (WizLab)
  20 merfolk
  5 polar bears
  5 trolls
  5 wind drakes
  3 harpy skeletons (Crypt:3)
  A culicivora zombie (Crypt:2)
  5 dream sheep (Lair:3)
  5 hornets
  14 blink frogs
  8 snapping turtles
  A meliai zombie (Crypt:1)
  9 tarantellas
  23 jumping spiders
  9 flying skulls (Crypt:3)
  A jumping spider (shapeshifter) (Vaults:5)
  An ettin skeleton (Crypt:3)
  14 culicivoras
  3 air elementals
  52 slime creatures
  A guardian serpent skeleton (Crypt:3)
  3 shadows
  An ice dragon skeleton (Crypt:3)
  A black mamba zombie (Crypt:1)
  10 wraiths
  21 yaks
  4 spriggans
  A dire elephant simulacrum (Crypt:1)
  16 water elementals
  A ynoxinul (WizLab)
  10 fire bats (Volcano)
  2 nameless horrors
  11 wyverns
  8 humans (D:13)
  A golden eye (Zig:11)
  35 redbacks
  5 fire elementals
  3 basilisks
  4 chaos spawn
  A neqoxec (Depths:4)
  4 steam dragons
  Grum (D:8)
  A redback (shapeshifter) (Zig:10)
  An alligator snapping turtle simulacrum (Crypt:2)
  7 vampire mosquitoes (D:12)
  Menkaure (D:6)
  A harpy simulacrum (Crypt:1)
  A warg (Orc:1)
  A demonspawn zombie (Crypt:3)
  2 nagas (Zig:5)
  A two-headed ogre zombie (Crypt:2)
  11 water moccasins
  3 acid dragons (Lair:5)
  A demonspawn skeleton (Crypt:3)
  4 floating eyes
  A floating eye (shapeshifter) (Zig:3)
  A swamp drake (Lair:5)
  4 ice beasts
  27 orc warriors
  A sky beast (D:7)
  4 black bears
  6 ogres
  7 boggarts
  6 wolves
  14 centaurs
  A swamp dragon skeleton (Crypt:1)
  17 kobold brigands
  A snapping turtle skeleton (Crypt:1)
  7 bullfrogs
  A necrophage (Crypt:3)
  2 scorpions (D:6)
  An elf skeleton (Crypt:1)
  Blork the orc (D:4)
  A cyclops zombie (Crypt:2)
  4 gnoll sergeants
  4 earth elementals
  A cyclops skeleton (Crypt:3)
  10 killer bees
  2 electric eels
  2 howler monkeys
  6 lava snakes (Volcano)
  4 hounds
  18 orc priests
  5 centaur skeletons
  2 gnoll boudas
  8 iguanas
  5 jellies
  Jessica (D:3)
  Ijyb (D:3)
  22 orc wizards
  A sleepcap (D:7)
  2 hell rats (Lair:5)
  An acid dragon skeleton (Crypt:3)
  A tengu skeleton (Crypt:3)
  2 mummies (Tomb:1)
  18 gnolls
  8 adders
  A shadow imp (D:7)
  A white imp (D:8)
  An ufetubus (D:7)
  A worm zombie (Crypt:1)
  An iguana skeleton (Crypt:1)
  2 dart slugs (D:1)
  65 orcs
  3 endoplasms
  2 giant cockroaches
  4 goblins
  3 hobgoblins
  8 jackals
  2 quokkas
  A ball python (D:2)
  6 bats
  A gnoll skeleton (Crypt:3)
  A jackal zombie (Crypt:2)
  20 kobolds
  5 rats
  A river rat skeleton (Crypt:3)
  2 creeping infernos (Zot:4)
  A spectral weapon (Elf:1)
2323 creatures vanquished.

Vanquished Creatures (collateral kills)
  Gastronok (Lair:3)
  2 entropy weavers
  An ogre mage (Volcano)
  A two-headed ogre (D:10)
  3 death yaks
  2 pharaoh ants
  A deep elf pyromancer (Elf:2)
  A steelbarb worm (Spider:2)
  2 wolf spiders (Spider:1)
  A deep elf zephyrmancer (Elf:2)
  Maurice (D:9)
  2 elephants
  A water nymph (Shoals:1)
  A demonic crawler (Spider:1)
  A cane toad (Lair:3)
  A rime drake (Lair:5)
  A komodo dragon (Lair:1)
  A troll (D:11)
  A tarantella (Spider:2)
  Grinder (D:3)
  6 blink frogs
  2 dream sheep (Lair:3)
  3 slime creatures
  2 jumping spiders
  6 culicivoras
  14 yaks
  A wyvern (Lair:3)
  5 basilisks
  6 redbacks
  A warg (Orc:2)
  4 water moccasins
  7 orc warriors
  A swamp drake (Lair:5)
  An ice beast (D:9)
  3 wolves
  A centaur (D:8)
  A phantom (D:6)
  2 kobold brigands
  2 bullfrogs
  7 killer bees
  2 electric eels (D:7)
  A howler monkey (D:10)
  A lava snake (Volcano)
  3 orc priests
  Terence (D:3)
  2 iguanas (Lair:5)
  2 orc wizards (Orc:2)
  2 hell rats (Lair:5)
  2 gnolls
  An adder (D:6)
  22 orcs
  14 kobolds
154 creatures vanquished.

Vanquished Creatures (others)
  The ghost of WeeknightWizard the Sorcerer, a veteran DEFE of Vehumet (Depths:4)
  A deep elf knight (Elf:1)
  A redback (Spider:4)
  3 dancing weapons
  An orc priest (Orc:2)
  An orc (Orc:1)
8 creatures vanquished.

Grand Total: 2485 creatures vanquished

Notes
Turn   | Place    | Note
-------+----------+-------------------------------------------
     0 | D:1      | mdonais the Demigod Enchanter began the quest for the Orb.
     0 | D:1      | Reached XP level 1. HP: 14/14 MP: 5/5
    27 | D:1      | Reached skill level 1 in Short Blades
   172 | D:1      | Reached XP level 2. HP: 17/20 MP: 7/7
   264 | D:1      | Learned a level 2 spell: Ensorcelled Hibernation
  1011 | D:2      | Reached skill level 1 in Fighting
  1316 | D:2      | Reached XP level 3. HP: 17/28 MP: 5/8
  1337 | D:2      | Learned a level 3 spell: Confusing Touch
  1862 | D:3      | Noticed Terence
  1872 | D:3      | Noticed Ijyb
  2055 | D:3      | Reached skill level 1 in Ice Magic
  2109 | D:3      | Reached XP level 4. HP: 36/36 MP: 9/9
  2489 | D:3      | Noticed Grinder
  2508 | D:3      | Noticed Jessica
  2887 | D:4      | Learned a level 1 spell: Necrotise
  2953 | D:4      | Noticed Blork the orc
  2966 | D:4      | Killed Blork the orc
  2967 | D:4      | Reached XP level 5. HP: 41/41 MP: 4/10
  3218 | D:4      | Identified the +8 mace of Infinite Pain {venom, Stlth+}
  3240 | D:4      | You fall into a shaft and drop 3 floors!
  3330 | D:6      | Reached XP level 6. HP: 27/50 MP: 12/12
  3458 | D:6      | Noticed Menkaure
  3515 | D:6      | Gained mutation: Potions are less effective at restoring
                  | your health. [potion of mutation]
  3515 | D:6      | Gained mutation: You have large cloven feet. [potion of
                  | mutation]
  3737 | D:5      | Entered Level 5 of the Dungeon
  4038 | D:5      | Reached XP level 7. HP: 33/59 MP: 9/14
  4155 | D:5      | Found a transporter.
  4319 | D:5      | Found a transporter.
  4356 | D:5      | Noticed a wyvern
  4369 | D:5      | Killed a wyvern
  4541 | D:4      | Reached skill level 5 in Fighting
  4545 | D:4      | Learned a level 3 spell: Tukima's Dance
  4828 | D:5      | Found Uskecwio's Antique Weapon Boutique.
  5018 | D:5      | Found a staircase to the Ecumenical Temple.
  5026 | Temple   | Entered the Ecumenical Temple
  5461 | D:6      | HP: 2/61 [poisoned by a water moccasin]
  5462 | D:6      | Reached XP level 8. HP: 2/68 MP: 5/17
  5659 | D:6      | Lost mutation: You have large cloven feet. [potion of
                  | mutation]
  5659 | D:6      | Lost mutation: Potions are less effective at restoring your
                  | health. [potion of mutation]
  5659 | D:6      | Gained mutation: Your muscles are strong. (Str +4, Int/Dex
                  | -1) [potion of mutation]
  5659 | D:6      | Gained mutation: Armour fits poorly on your strangely
                  | shaped body. [potion of mutation]
  5826 | D:6      | Killed Menkaure
  5864 | D:6      | Reached skill level 1 in Evocations
  6919 | D:7      | Reached skill level 5 in Spellcasting
  6919 | D:7      | Reached skill level 5 in Hexes
  7337 | D:7      | Reached XP level 9. HP: 75/75 MP: 20/20
  7347 | D:7      | Learned a level 3 spell: Dazzling Flash
  7915 | D:7      | Learned a level 4 spell: Summon Ice Beast
  8334 | D:8      | Reached skill level 1 in Summonings
  9223 | D:8      | Noticed a nameless horror
  9474 | D:7      | Killed a nameless horror
 10112 | D:3      | Killed Ijyb
 10273 | D:3      | Killed Terence
 10303 | D:3      | Killed Jessica
 10309 | D:3      | Killed Grinder
 10435 | D:5      | Noticed SecretSquirrel's ghost (novice MiHu)
 11413 | D:9      | Noticed Grum
 11424 | D:8      | Reached skill level 5 in Ice Magic
 11424 | D:8      | Reached XP level 10. HP: 52/84 MP: 14/21
 11678 | D:9      | Reached skill level 1 in Conjurations
 11682 | D:8      | Killed Grum
 11805 | D:9      | Noticed Maurice
 11878 | D:8      | Reached skill level 5 in Summonings
 12330 | D:9      | Killed Maurice
 12881 | D:9      | Learned a level 3 spell: Stone Arrow
 12881 | D:9      | Upgraded the game from 0.30.0-15-g856e2d3f33 to
                  | 0.30.0-16-gbe6223bb7e
 12967 | D:9      | Reached skill level 1 in Earth Magic
 13168 | D:9      | Found a staircase to the Lair.
 13208 | D:9      | Reached skill level 2 in Earth Magic
 13259 | D:9      | Noticed a two-headed ogre
 13276 | D:9      | Killed a two-headed ogre
 13437 | D:9      | Reached skill level 3 in Earth Magic
 13684 | D:9      | Found a staircase to the Lair.
 14225 | D:10     | Entered Level 10 of the Dungeon
 14251 | D:10     | Reached XP level 11. HP: 91/91 MP: 2/23
 14379 | D:10     | Noticed a two-headed ogre
 14386 | D:10     | Killed a two-headed ogre
 14387 | D:10     | Reached skill level 4 in Earth Magic
 14643 | D:10     | Noticed a deep elf pyromancer
 15112 | Lair:1   | Entered Level 1 of the Lair of Beasts
 15132 | Lair:1   | You are sucked into a shaft and drop 1 floor!
 15142 | Lair:2   | Reached skill level 1 in Shields
 15499 | Lair:2   | Noticed Nergalle
 15503 | Lair:2   | Killed Nergalle
 15504 | Lair:2   | Reached skill level 5 in Conjurations
 15504 | Lair:2   | Reached skill level 5 in Earth Magic
 15535 | Lair:2   | Identified the +4 rapier "Aubergine" {vamp, rN+ Dex+2}
 15540 | Lair:2   | Reached skill level 5 in Shields
 15560 | Lair:1   | Noticed Maggie
 16006 | Lair:1   | Noticed Erica
 16020 | Lair:1   | Killed Erica
 16286 | Lair:2   | Found a staircase to the Shoals.
 16343 | Lair:2   | Noticed Harold
 16526 | Lair:2   | Reached skill level 6 in Earth Magic
 16791 | Lair:2   | Noticed Urug
 16801 | Lair:2   | Killed Urug
 16802 | Lair:2   | Reached skill level 7 in Earth Magic
 16903 | Lair:2   | Reached XP level 12. HP: 97/97 MP: 15/25
 16926 | Lair:2   | Found a hole to the Spider Nest.
 17074 | Lair:2   | Killed Harold
 17075 | Lair:2   | Reached skill level 5 in Dodging
 17333 | Lair:2   | Reached skill level 8 in Earth Magic
 18025 | Lair:3   | Identified the +6 broad axe of Ciditz {flame, Fragile
                  | +Blink rF++ Stlth+}
 18077 | Lair:3   | Noticed Gastronok
 18105 | Lair:3   | Reached skill level 5 in Evocations
 18264 | Lair:3   | Noticed Sonja
 18269 | Lair:3   | Killed Sonja
 18700 | Lair:3   | Reached skill level 9 in Earth Magic
 18706 | Lair:3   | Learned a level 5 spell: Lee's Rapid Deconstruction
 18816 | Lair:3   | Killed Gastronok
 18905 | Lair:4   | Found a dark tunnel.
 18919 | Volcano  | Entered a volcano
 19110 | Volcano  | Noticed an ogre mage
 19111 | Volcano  | Reached skill level 10 in Earth Magic
 19111 | Volcano  | Reached skill level 1 in Armour
 19180 | Volcano  | Killed an ogre mage
 19218 | Volcano  | Noticed a red draconian
 19288 | Volcano  | Killed a red draconian
 19289 | Volcano  | Reached XP level 13. HP: 105/105 MP: 4/28
 19423 | Lair:4   | Reached skill level 1 in Throwing
 19644 | Lair:4   | Identified the +2 ring mail of Enein {rElec rPois}
 20337 | Lair:4   | Reached skill level 11 in Earth Magic
 20911 | Lair:1   | Killed Maggie
 21327 | D:11     | Reached skill level 1 in Polearms
 21434 | D:11     | Identified the -2 pair of boots of Eternal Vigilance {rElec
                  | rF- rCorr Stlth-}
 21617 | D:11     | Identified the +0 ring mail "Xuopukin" {rN+}
 21873 | D:12     | Found a staircase to the Orcish Mines.
 21960 | D:12     | Noticed a frost giant
 22140 | D:12     | Found a runed translucent gate.
 22140 | D:12     | Found a runed translucent gate.
 22140 | D:12     | Found a runed translucent gate.
 22142 | D:12     | Noticed nemohh's ghost (journeyman HOFi)
 22490 | Orc:1    | Entered Level 1 of the Orcish Mines
 22709 | Orc:2    | Entered Level 2 of the Orcish Mines
 22709 | Orc:2    | Noticed an orc warlord
 22736 | Orc:1    | Killed an orc warlord
 23083 | Orc:2    | Found a staircase to the Elven Halls.
 23490 | Orc:1    | Learned a level 4 spell: Iskenderun's Mystic Blast
 23630 | Lair:5   | Entered Level 5 of the Lair of Beasts
 23683 | Lair:5   | Reached skill level 1 in Translocations
 24004 | Lair:5   | Reached XP level 14. HP: 110/113 MP: 13/30
 24591 | Lair:5   | Reached skill level 5 in Translocations
 25273 | Lair:5   | Found a staircase to the Slime Pits.
 26531 | Lair:5   | Found a staircase to the Slime Pits.
 27517 | Orc:2    | Found Cesexig's General Store.
 27791 | Orc:2    | Found Hoyhuoca's Weapon Emporium.
 27791 | Orc:2    | Found Oronn's Antique Armour Emporium.
 27792 | Orc:2    | Found Ucuocili's Antique Armour Shop.
 27792 | Orc:2    | Found Maoca's Distillery.
 27986 | Orc:2    | Bought 2 potions of heal wounds for 150 gold pieces
 27986 | Orc:2    | Bought a potion of heal wounds for 75 gold pieces
 27986 | Orc:2    | Bought a potion of heal wounds for 75 gold pieces
 28002 | Orc:2    | Bought a potion of haste for 150 gold pieces
 28025 | Orc:2    | Bought a shiny kite shield for 270 gold pieces
 29056 | D:5      | Killed SecretSquirrel's ghost
 29319 | D:10     | Reached skill level 12 in Earth Magic
 29609 | D:13     | Found a flickering gateway to a bazaar.
 29626 | Bazaar   | Entered a bazaar
 29675 | Bazaar   | Found Tueher's Jewellery Boutique.
 29710 | Bazaar   | Found Ublanorph's Book Emporium.
 29731 | Bazaar   | Found Sifamis's Antique Weapon Boutique.
 29751 | Bazaar   | Found Ontid's Weapon Shoppe.
 29776 | Bazaar   | Bought a +6 ring of intelligence for 468 gold pieces
 29792 | Bazaar   | Bought a book of Armaments for 432 gold pieces
 30066 | D:13     | Reached skill level 5 in Armour
 30716 | D:13     | Found a gate to the Vaults.
 31249 | D:13     | Reached skill level 5 in Stealth
 31611 | D:14     | Noticed Snorg
 31623 | D:14     | Killed Snorg
 31696 | D:14     | Reached XP level 15. HP: 84/124 MP: 5/32
 32543 | D:15     | Entered Level 15 of the Dungeon
 32565 | D:15     | Found a staircase to the Depths.
 33061 | D:15     | Found Yffo Kau's Antique Weapon Shop.
 33375 | D:15     | Reached skill level 13 in Earth Magic
 34043 | Spider:1 | Entered Level 1 of the Spider Nest
 36540 | Spider:1 | Reached skill level 10 in Fighting
 36830 | Spider:2 | Identified the ring "Itemacuj" {rPois rF- Str+6}
 36843 | Spider:2 | Reached skill level 10 in Spellcasting
 38075 | Spider:2 | Reached XP level 16. HP: 134/134 MP: 25/35
 38656 | Spider:3 | Reached skill level 14 in Earth Magic
 39589 | Spider:3 | Identified the +0 plate armour "Wane" {rN+++ Int-4 SInv}
 40227 | Shoals:1 | Entered Level 1 of the Shoals
 40228 | Shoals:1 | Noticed Frances
 40241 | Shoals:1 | Killed Frances
 40605 | Elf:1    | Entered Level 1 of the Elven Halls
 40773 | Elf:1    | Paralysed by an air elemental for 1 turns
 40881 | Elf:1    | Learned a level 8 spell: Lehudib's Crystal Spear
 40932 | Elf:1    | Noticed Asterion
 40932 | Elf:1    | You are sucked into a shaft and drop 1 floor!
 41036 | Elf:2    | Reached skill level 15 in Earth Magic
 41110 | Elf:2    | Found Moamn's Distillery.
 41275 | Elf:2    | Found Kamecwyrgh's Armour Emporium.
 42145 | Elf:1    | Reached skill level 10 in Conjurations
 42351 | Elf:1    | Identified the +4 chain mail "Viqiment" {Int+2}
 42558 | Elf:1    | Reached XP level 17. HP: 135/140 MP: 31/36
 42683 | Elf:1    | Killed Asterion
 43172 | Elf:2    | Found Asuox's Antique Armour Boutique.
 43342 | Elf:2    | Found a runed translucent gate.
 43342 | Elf:2    | Found a runed translucent gate.
 43342 | Elf:2    | Found a runed translucent gate.
 43484 | Elf:2    | Found a gateway to a bazaar.
 43741 | Bazaar   | Entered a bazaar
 43743 | Bazaar   | Found Zyeq's Magic Scroll Boutique.
 43747 | Bazaar   | Found Onwa Wiec's Magic Scroll Boutique.
 43747 | Bazaar   | Found Debbot's Armour Boutique.
 43748 | Bazaar   | Found Tifrej's Distillery.
 43788 | Bazaar   | Bought a +2 helmet of see invisible for 344 gold pieces
 43806 | Bazaar   | Bought a scroll of blinking for 82 gold pieces
 43806 | Bazaar   | Bought a scroll of blinking for 82 gold pieces
 43814 | Bazaar   | Bought 3 scrolls of enchant armour for 337 gold pieces
 43822 | Bazaar   | Bought a scroll of fear for 44 gold pieces
 43948 | Elf:2    | Bought a potion of heal wounds for 100 gold pieces
 43949 | Elf:2    | Lost mutation: Armour fits poorly on your strangely shaped
                  | body. [potion of mutation]
 43949 | Elf:2    | Lost mutation: Your muscles are strong. (Str +4, Int/Dex
                  | -1) [potion of mutation]
 43949 | Elf:2    | Gained mutation: You have sharp toenails. [potion of
                  | mutation]
 43949 | Elf:2    | Gained mutation: You possess an exceptional clarity of
                  | mind. [potion of mutation]
 44018 | Elf:3    | Entered Level 3 of the Elven Halls
 44455 | Elf:3    | Found Mouwnax's Weapon Shop.
 44554 | Elf:3    | Found a runed translucent door.
 44821 | Elf:3    | Reached skill level 16 in Earth Magic
 44878 | Elf:3    | Found Rol Numey's Magic Scroll Boutique.
 45001 | Elf:3    | Paralysed by an air elemental for 1 turns
 45336 | Elf:3    | Identified the amulet "Mivod" {Acrobat rPois Regen+ Str-4
                  | Dex+5} (You took it off a deep elf knight on level 3 of the
                  | Elven Halls)
 45881 | Elf:3    | Noticed a deep elf blademaster
 45888 | Elf:3    | Killed a deep elf blademaster
 46513 | Elf:3    | Identified the +0 scale mail of the Lotus Blossom {*Corrode
                  | Str+3 Dex+6}
 46518 | Elf:3    | Got the Secrets of Configuration and Austromancy
 46519 | Elf:3    | Identified the staff of poison "Weest" {rPois rN+ Str+3
                  | Int+3}
 46542 | Elf:3    | Identified the +0 scale mail "Bagrop" {rPois Stlth+}
 46629 | Elf:3    | Bought a scroll of amnesia for 64 gold pieces
 46637 | Elf:3    | Learned a level 6 spell: Iron Shot
 47374 | Spider:4 | Entered Level 4 of the Spider Nest
 48514 | Spider:4 | Reached XP level 18. HP: 147/147 MP: 20/38
 49363 | Spider:4 | Identified the +0 hat of Courage {Harm rF- rN++ Slay+2}
 49483 | Spider:4 | Got a gossamer rune of Zot
 49943 | Shoals:1 | Reached skill level 10 in Shields
 49994 | Shoals:1 | Identified a scroll of acquirement
 50128 | Shoals:1 | Acquired the scarf of Failure {repulsion, Rampage rElec
                  | Str-2}
 50252 | Shoals:1 | Identified the +0 leather armour of Okawaru's Regard {-Cast
                  | rPois rC+ Dex+4}
 50733 | Shoals:1 | Identified Roxanne's Omnibus of the Syncline
 50733 | Shoals:1 | Noticed Roxanne
 51097 | Shoals:1 | Killed Roxanne
 51583 | Shoals:2 | Noticed Louise
 52665 | Shoals:2 | Killed Louise
 54036 | Shoals:4 | Entered Level 4 of the Shoals
 54519 | Shoals:4 | Noticed Bai Suzhen
 55276 | Shoals:4 | Found Nahatuf's Antique Armour Shoppe.
 55290 | Shoals:4 | Killed Bai Suzhen
 55628 | Shoals:4 | Reached XP level 19. HP: 157/157 MP: 38/39
 56113 | Shoals:4 | Got a barnacled rune of Zot
 56218 | Shoals:4 | Found Nahatuf's Antique Armour Shoppe.
 57051 | D:12     | Killed nemohh's ghost
 57141 | Vaults:1 | Entered Level 1 of the Vaults
 57143 | Vaults:1 | Found a magical portal.
 57169 | WizLab   | Entered The Hall of the Hellbinder
 58129 | WizLab   | Noticed Silejec
 58144 | WizLab   | Killed Silejec the Hellbinder
 58151 | WizLab   | Reached skill level 17 in Earth Magic
 58242 | WizLab   | Got the Anthology of Illusion
 58269 | WizLab   | Identified the +2 hand axe of the Genius {flame, SInv}
 59783 | Vaults:1 | Identified the +5 chain mail "Ihued" {Rampage *Corrode
                  | rElec Dex-5}
 61810 | Vaults:2 | Reached skill level 18 in Earth Magic
 62103 | Vaults:2 | Reached XP level 20. HP: 141/165 MP: 20/42
 62577 | Vaults:2 | Learned a level 9 spell: Shatter
 65221 | Vaults:3 | Noticed Saint Roka
 65231 | Vaults:3 | Killed Saint Roka
 66329 | Vaults:3 | Found a staircase to the Crypt.
 66532 | Vaults:3 | Noticed Boris
 66587 | Vaults:3 | Killed Boris
 67347 | Vaults:4 | Reached skill level 15 in Shields
 68515 | Vaults:4 | Reached skill level 19 in Earth Magic
 68515 | Vaults:4 | Reached XP level 21. HP: 143/171 MP: 2/44
 69176 | Vaults:4 | Identified the +3 flail of the Saviour {speed, rPois rF+
                  | Int+2}
 69725 | Crypt:1  | Entered Level 1 of the Crypt
 70155 | Crypt:1  | Noticed Boris
 70229 | Crypt:1  | Killed Boris
 71070 | Crypt:2  | Noticed Vv
 71221 | Crypt:2  | Killed Vv
 71799 | Crypt:2  | Identified the +6 dagger "Omuudy" {venom, rPois Int+3
                  | Dex+2}
 72515 | Crypt:2  | Identified the ring of Samonu {Ice rN+ Will+}
 72515 | Crypt:2  | Noticed Josephina
 72518 | Crypt:2  | Noticed Jory
 72519 | Crypt:2  | Killed Josephina
 72523 | Crypt:2  | Killed Jory
 72524 | Crypt:2  | Reached skill level 15 in Spellcasting
 73006 | Crypt:3  | Entered Level 3 of the Crypt
 73019 | Crypt:3  | Reached skill level 20 in Earth Magic
 73173 | Crypt:3  | Found a staircase to the Tomb.
 74255 | Crypt:3  | Reached skill level 21 in Earth Magic
 74473 | Crypt:3  | Identified the ring "Loysoqi" {rN+ Will+ MP+9 Int+3}
 74777 | Crypt:3  | Noticed Boris
 74781 | Crypt:3  | Killed Boris
 74793 | Crypt:3  | Identified the amulet "Utaoguk" {rC+++ rN+ Will- Regen+
                  | Stlth-}
 74797 | Crypt:3  | Identified the amulet "Okkyll" {Drain rPois Regen+ SInv
                  | Stlth+}
 74965 | Crypt:3  | Reached XP level 22. HP: 179/179 MP: 44/47
 75593 | Crypt:3  | Noticed an ancient lich
 75739 | Crypt:3  | Killed an ancient lich
 75812 | Crypt:3  | Got the Grimoire of Fluctuating Conjuration
 75908 | Crypt:3  | Got the Anthology of Lamentation
 76126 | Vaults:5 | Entered Level 5 of the Vaults
 76141 | Vaults:5 | Noticed a dread lich
 76144 | Vaults:5 | Killed a dread lich
 76702 | Vaults:5 | Reached skill level 22 in Earth Magic
 77770 | Vaults:5 | Found Naytudin's Magic Scroll Boutique.
 77862 | Vaults:5 | Found Owuxunokk's Distillery.
 77866 | Vaults:5 | Bought a scroll of amnesia for 44 gold pieces
 77872 | Vaults:5 | Found Retsouje's Distillery.
 78164 | Vaults:5 | Found Vil Fuwe's Weapon Shoppe.
 78168 | Vaults:5 | Got a silver rune of Zot
 78218 | Vaults:5 | Found Lekomudi's Distillery.
 78218 | Vaults:5 | Found Suimmav's Book Boutique.
 78268 | Vaults:5 | Found Qariotau's Book Boutique.
 78484 | Vaults:5 | Found Vobliem's Distillery.
 78569 | Vaults:5 | Found Miokh's Distillery.
 78569 | Vaults:5 | Found Ymiephut's Distillery.
 78582 | Vaults:5 | Found Gez Ummo's Distillery.
 79151 | Vaults:5 | Found Vutiko Tabb's Distillery.
 79160 | Vaults:5 | Found Puighil's Distillery.
 79174 | Vaults:5 | Found Gaiwk's Weapon Shoppe.
 79320 | Tomb:1   | Entered Level 1 of the Tomb of the Ancients
 79322 | Tomb:1   | Reached XP level 23. HP: 185/185 MP: 49/49
 79501 | Tomb:1   | Noticed a royal mummy
 79501 | Tomb:1   | Noticed a royal mummy
 79501 | Tomb:1   | Noticed a royal mummy
 79805 | Tomb:1   | Killed a royal mummy
 79805 | Tomb:1   | Killed a royal mummy
 79805 | Tomb:1   | Killed a royal mummy
 79806 | Tomb:1   | Noticed a royal mummy
 80053 | Tomb:1   | Noticed a royal mummy
 80054 | Tomb:1   | Killed a royal mummy
 80055 | Tomb:1   | Killed a royal mummy
 80204 | Tomb:1   | Noticed a royal mummy
 80206 | Tomb:1   | Noticed a royal mummy
 80207 | Tomb:1   | Killed a royal mummy
 80209 | Tomb:1   | Noticed a royal mummy
 80211 | Tomb:1   | Killed a royal mummy
 80375 | Tomb:1   | Killed a royal mummy
 80375 | Tomb:1   | Noticed a royal mummy
 80393 | Tomb:1   | Noticed a royal mummy
 80394 | Tomb:1   | Killed a royal mummy
 80395 | Tomb:1   | Reached skill level 10 in Dodging
 80395 | Tomb:1   | Killed a royal mummy
 80395 | Tomb:1   | Noticed a royal mummy
 80397 | Tomb:1   | Noticed a royal mummy
 80398 | Tomb:1   | Killed a royal mummy
 80605 | Tomb:1   | Killed a royal mummy
 80620 | Tomb:1   | Noticed a royal mummy
 80623 | Tomb:1   | Killed a royal mummy
 80780 | Tomb:1   | Noticed a royal mummy
 80785 | Tomb:1   | Killed a royal mummy
 81089 | Depths:1 | Entered Level 1 of the Depths
 81126 | Depths:1 | Found a one-way gateway to a ziggurat.
 81716 | Depths:1 | Found a gateway to Hell.
 81846 | Depths:1 | Identified the +1 robe of Fesch {*Corrode rF+++ Str+2
                  | Dex-5}
 82020 | Depths:1 | Reached skill level 23 in Earth Magic
 82672 | Depths:2 | Found a one-way gate leading to the halls of Pandemonium.
 82700 | Depths:2 | Found a flickering gateway to a bazaar.
 82718 | Bazaar   | Entered a bazaar
 82724 | Bazaar   | Found Reddig's Antique Armour Shop.
 82729 | Bazaar   | Found Repuik's Weapon Shoppe.
 82747 | Bazaar   | Found Nohaom's Armour Shoppe.
 82750 | Bazaar   | Found Naxo's Jewellery Emporium.
 82758 | Bazaar   | Bought the amulet of Egalitarianism {RegenMP rC++ rCorr
                  | Stlth+} for 880 gold pieces
 82765 | Bazaar   | Found Dyrhasoa's Antique Armour Shoppe.
 82794 | Bazaar   | Bought a +2 pair of gloves of dexterity for 150 gold pieces
 84390 | Depths:2 | Identified the +7 demon blade of Xesuext {freeze, rF+
                  | Dex+2}
 84449 | Depths:2 | Noticed a juggernaut
 84452 | Depths:2 | Killed a juggernaut
 85004 | Depths:3 | Identified the amulet "Deosixep" {Spirit rF++}
 85296 | Depths:3 | Reached XP level 24. HP: 200/200 MP: 42/50
 85406 | Depths:3 | Learned a level 2 spell: Passwall
 85481 | Depths:3 | Identified the +5 rapier of Qazlal, Lusting {freeze, rPois
                  | rF+ Will+}
 85901 | Depths:3 | Identified the staff of poison "Dior" {rPois Str+2 Stlth+}
 85905 | Depths:3 | Got Sif Muna's Exposition on the Mortuary Volcano
 85920 | Depths:3 | Identified the staff of poison "Reigoffik" {rPois rC+ rN+
                  | Str-4}
 85990 | Depths:3 | Found a one-way gate to the infinite horrors of the Abyss.
 86228 | Depths:4 | Entered Level 4 of the Depths
 86240 | Depths:4 | Identified the +6 falchion of Fortitude {protect, Contam
                  | *Noise Dex+8 SInv}
 86688 | Depths:4 | Found a gate to the Realm of Zot.
 86720 | Depths:4 | Identified the +2 scale mail of the Past {Int+3 Dex+6
                  | Stlth+}
 87661 | Depths:4 | Found a runed translucent door.
 87755 | Depths:4 | Found a portal to a secret trove of treasure.
 87847 | Depths:4 | Noticed Himmaryad's ghost (adept TrMo)
 87973 | Depths:4 | You paid a toll of a +4 demon whip to enter a treasure
                  | trove
 87974 | Trove    | Entered a treasure trove
 87982 | Trove    | Got Sif Muna's Parchment of Concussion
 87985 | Trove    | Got Xizeh's Precepts of Lightning and Metamorphosis
 87994 | Trove    | Identified the staff of poison "Lycruzxu" {rPois Str+3}
 88007 | Trove    | Got the Discursus on Sculpting and Erosion
 88016 | Trove    | Got the Discourse on Harmful Breccia
 88038 | Trove    | Learned a level 2 spell: Blink
 88137 | Depths:4 | Killed Himmaryad's ghost
 88180 | Depths:4 | Found a runed translucent door.
 88181 | Depths:4 | Noticed WeeknightWizard's ghost (veteran DEFE)
 88209 | Depths:4 | Killed WeeknightWizard's ghost
 88304 | Depths:4 | Found a runed translucent door.
 88306 | Depths:4 | Noticed Taetuu's ghost (journeyman DsBe)
 88319 | Depths:4 | Killed Taetuu's ghost
 88679 | Vaults:5 | Bought a potion of heal wounds for 65 gold pieces
 88679 | Vaults:5 | Bought a potion of magic for 104 gold pieces
 88679 | Vaults:5 | Bought a potion of heal wounds for 65 gold pieces
 88679 | Vaults:5 | Bought a potion of haste for 130 gold pieces
 88679 | Vaults:5 | Bought a potion of haste for 130 gold pieces
 88679 | Vaults:5 | Bought a potion of mutation for 104 gold pieces
 88690 | Vaults:5 | Bought a potion of heal wounds for 90 gold pieces
 88690 | Vaults:5 | Bought a potion of mutation for 144 gold pieces
 88690 | Vaults:5 | Bought a potion of heal wounds for 90 gold pieces
 88690 | Vaults:5 | Bought a potion of haste for 180 gold pieces
 88690 | Vaults:5 | Bought a potion of haste for 180 gold pieces
 88701 | Vaults:5 | Bought a potion of heal wounds for 70 gold pieces
 88701 | Vaults:5 | Bought a potion of haste for 140 gold pieces
 88701 | Vaults:5 | Bought a potion of resistance for 140 gold pieces
 88701 | Vaults:5 | Bought a potion of brilliance for 56 gold pieces
 88723 | Vaults:5 | Bought a potion of brilliance for 84 gold pieces
 88723 | Vaults:5 | Bought a potion of cancellation for 168 gold pieces
 88723 | Vaults:5 | Bought a potion of haste for 210 gold pieces
 88745 | Vaults:5 | Bought a potion of heal wounds for 75 gold pieces
 88745 | Vaults:5 | Bought 2 potions of cancellation for 240 gold pieces
 88745 | Vaults:5 | Bought a potion of haste for 150 gold pieces
 88783 | Vaults:5 | Bought a potion of cancellation for 160 gold pieces
 88783 | Vaults:5 | Bought a potion of invisibility for 160 gold pieces
 88783 | Vaults:5 | Bought a potion of heal wounds for 100 gold pieces
 88783 | Vaults:5 | Bought a potion of haste for 200 gold pieces
 88783 | Vaults:5 | Bought a potion of brilliance for 80 gold pieces
 88783 | Vaults:5 | Bought a potion of mutation for 160 gold pieces
 88783 | Vaults:5 | Bought a potion of brilliance for 80 gold pieces
 88994 | Zig:1    | Entered Level 1 of a ziggurat
 89013 | Zig:2    | Entered Level 2 of a ziggurat
 89025 | Zig:2    | Identified the +3 trident "Weuges" {flame, +Blink rC+
                  | Will+}
 89035 | Zig:3    | Entered Level 3 of a ziggurat
 89117 | Zig:4    | Entered Level 4 of a ziggurat
 89120 | Zig:4    | Noticed a shard shrike
 89123 | Zig:4    | Killed a shard shrike
 89159 | Zig:5    | Entered Level 5 of a ziggurat
 89210 | Zig:6    | Entered Level 6 of a ziggurat
 89217 | Zig:6    | Noticed a juggernaut
 89220 | Zig:6    | Killed a juggernaut
 89267 | Zig:7    | Entered Level 7 of a ziggurat
 89273 | Zig:7    | Noticed a dread lich
 89275 | Zig:7    | Killed a dread lich
 89323 | Zig:8    | Entered Level 8 of a ziggurat
 89358 | Zig:9    | Entered Level 9 of a ziggurat
 89488 | Zig:9    | Identified the +7 spear of Qile {drain, +Blink Dex+2}
 89492 | Zig:9    | Identified the ring "Xioxt" {+Blink Will- Str+3 Int+6
                  | Dex+6}
 89496 | Zig:9    | Identified the staff of cold "Runwud" {rPois rC+ Str+2}
 89502 | Zig:9    | Identified the +5 pair of boots of the Comet {Fly Dex+3}
 89532 | Zig:9    | Acquired 599 gold pieces
 89535 | Zig:10   | Entered Level 10 of a ziggurat
 89542 | Zig:10   | Noticed Bixtor the pandemonium lord
 89542 | Zig:10   | Noticed Uhin the pandemonium lord
 89543 | Zig:10   | Noticed a Killer Klown
 89546 | Zig:10   | Killed Bixtor the pandemonium lord
 89546 | Zig:10   | Killed a Killer Klown
 89548 | Zig:10   | Killed Uhin the pandemonium lord
 89614 | Zig:10   | Identified the +2 plate armour of Henotheism {Regen+ Int+2}
 89616 | Zig:10   | Identified the staff of cold "Sac Biad" {rElec rPois rC+
                  | Str+2 Stlth-}
 89626 | Zig:11   | Entered Level 11 of a ziggurat
 89720 | Zig:11   | Identified the +10 long sword of the Pits of Slime {freeze,
                  | *Noise Int+4}
 89722 | Zig:11   | Reached skill level 24 in Earth Magic
 89722 | Zig:11   | Reached XP level 25. HP: 210/210 MP: 51/51
 89738 | Zig:11   | Got the Papyrus of Harmful Production
 89752 | Zig:11   | Reached XP level 26. HP: 217/217 MP: 52/52
 89836 | Zot:1    | Entered Level 1 of the Realm of Zot
 89933 | Zot:1    | Noticed a dread lich
 89945 | Zot:1    | Killed a dread lich
 89946 | Zot:1    | Reached XP level 27. HP: 224/224 MP: 42/52
 89946 | Zot:1    | Noticed a dread lich
 89949 | Zot:1    | Killed a dread lich
 90283 | Zot:1    | Noticed a dread lich
 90590 | Zot:1    | Killed a dread lich
 90859 | Zot:1    | Noticed a dread lich
 90864 | Zot:1    | Killed a dread lich
 92600 | Zot:2    | Reached skill level 15 in Dodging
 92625 | Zot:2    | Reached skill level 15 in Fighting
 94688 | Zot:4    | Found the +4 dragonskin cloak
 94688 | Zot:4    | Noticed Tiamat
 95005 | Zot:4    | Reached skill level 25 in Earth Magic
 95013 | Zot:4    | Killed Tiamat
 95484 | Elf:3    | Bought a scroll of enchant armour for 120 gold pieces
 95718 | Vaults:5 | Bought a potion of heal wounds for 50 gold pieces
 95718 | Vaults:5 | Bought 2 potions of heal wounds for 100 gold pieces
 95718 | Vaults:5 | Bought a potion of curing for 30 gold pieces
 95718 | Vaults:5 | Bought a potion of curing for 30 gold pieces
 95729 | Vaults:5 | Bought a potion of curing for 33 gold pieces
 95729 | Vaults:5 | Bought a potion of mutation for 88 gold pieces
 95729 | Vaults:5 | Bought a potion of curing for 33 gold pieces
 95729 | Vaults:5 | Bought a potion of heal wounds for 55 gold pieces
 95729 | Vaults:5 | Bought a potion of heal wounds for 55 gold pieces
 95740 | Vaults:5 | Bought a potion of curing for 51 gold pieces
 95740 | Vaults:5 | Bought a potion of haste for 170 gold pieces
 95740 | Vaults:5 | Bought a potion of resistance for 170 gold pieces
 95740 | Vaults:5 | Bought a potion of curing for 51 gold pieces
 95740 | Vaults:5 | Bought a potion of curing for 51 gold pieces
 95758 | Vaults:5 | Bought 2 potions of haste for 260 gold pieces
 95929 | Orc:2    | Bought a potion of haste for 140 gold pieces
 95994 | Elf:2    | Bought a potion of resistance for 200 gold pieces
 95994 | Elf:2    | Bought a potion of brilliance for 80 gold pieces
 97173 | Zot:5    | Entered Level 5 of the Realm of Zot
 97531 | Zot:5    | Noticed an ancient lich
 97538 | Zot:5    | Killed an ancient lich
 97602 | Zot:5    | Noticed an orb of fire
 97677 | Zot:5    | Killed an orb of fire
 97685 | Zot:5    | Noticed an orb of fire
 97750 | Zot:5    | Killed an orb of fire
 97868 | Zot:5    | Noticed a dread lich
 97870 | Zot:5    | Killed a dread lich
 98474 | Zot:5    | Noticed an orb of fire
 98480 | Zot:5    | Killed an orb of fire
 98484 | Zot:5    | Noticed an orb of fire
 98486 | Zot:5    | Killed an orb of fire
 98487 | Zot:5    | Noticed a dread lich
 98496 | Zot:5    | Killed a dread lich
 99320 | Zot:5    | Got the Orb of Zot
 99625 | Depths:1 | Noticed Xieddin the pandemonium lord
 99972 | D:$      | Escaped with the Orb!

Illustrated notes

Levels and vault maps discovered:
D:1:      minmay_arrival_diagonal_passages, layout_basic
D:2:      layout_loops_ring, minmay_tromino_v4_c
D:3:      layout_rooms, yredelemnul_altar_generic,
          shapermc_ecumenical_altar_mp_ritualfount,
          chequers_serial_rivers_micro_d, hangedman_decor_riveting,
          uniq_terence, uniq_grinder, uniq_jessica, uniq_ijyb
D:4:      layout_loops_ring, dreamdust_gnoll_farm, uniq_blork_the_orc
D:5:      layout_basic, mainiacjoe_overflow_divided_tiny,
          minmay_temple_entry_statues_pillars, gammafunk_ghost_gnarly_gnolls,
          serial_shops, shop, serial_glass, glass_columns_a, glass_columns_a,
          glass_columns_a, glass_columns_b
D:6:      layout_basic, nicolae_overflow_crystal_walls, uniq_menkaure
D:7:      cheibrodos_steamvent, layout_basic, fedhas_altar_3,
          serial_bayou_ford_a, minmay_hedge_maze
D:8:      layout_basic, elyvilon_altar_4
D:9:      layout_small_grid, hellmonk_lair_entry_icy, minmay_misc_feat_ornament,
          uniq_maurice, uniq_grum
D:10:     kennysheep_blocky_hall, layout_irregular_city,
          nicolae_uskayaw_suspiria, nicolae_figureground_pulse
D:11:     layout_roguey, serial_rivers, chequers_serial_rivers_small_3,
          chequers_serial_rivers_micro_a, chequers_serial_rivers_marsh,
          chequers_serial_rivers_micro_c, chequers_serial_rivers_micro_b,
          chequers_serial_rivers_room_b, minmay_misc_feat_chi,
          small_statue_intersection
D:12:     layout_rooms, orc_0_dummy, gammafunk_ghost_split
D:13:     layout_loops_ring, ximxim_vaults_locker_room, serial_shops,
          bzr_entry_water
D:14:     layout_grid_maze, dreamdust_princess_corridor, uniq_snorg
D:15:     gammafunk_depths_entry_grave, layout_loops_ring, eino_curves_02,
          serial_shops, nicolae_shop_waterfront, minmay_misc_feat_four_crosses
Temple:   regret_index_temple_generic_petals
Lair:1:   layout_long_grid, st_stairs_3, grunt_megastairs_3, uniq_maggie,
          uniq_erica
Lair:2:   layout_gridlike, minmay_shoals_entry_centaurs,
          spider_nest_entry_funnel_web, beast_lair_carwin_9, uniq_nergalle,
          uniq_urug, uniq_harold
Lair:3:   layout_hall_layers, beast_lair_carwin_6, uniq_sonja, uniq_gastronok
Lair:4:   layout_gridlike, enter_volcano_2, kennysheep_snail_temple,
          grunt_megastairs_2, serial_bayou_shore_a, infiniplex_staircase_pool
Lair:5:   guppyfry_lair_end_dragon, layout_long_grid, slime_entry_1
Shoals:1: layout_shoals, uniq_frances, uniq_roxanne
Shoals:2: layout_shoals, uniq_louise
Shoals:3: cheibrodos_shoals_epimethial_gifts, layout_shoals,
          nicolae_shoals_stone_sculpture_thing, nicolae_shoals_seven_spires
Shoals:4: shoals_end_grunt_ice, layout_shoals, serial_shops, shop,
          uniq_bai_suzhen
Spider:1: layout_chambers, drop_trap, nicolae_spider_paper_wasps
Spider:2: layout_spider_delve, nicolae_spider_orb_run
Spider:3: layout_cave_pods
Spider:4: guppyfry_spider_rune, nicolae_spider_nook
Orc:1:    layout_caves, basic_altar, special_room [special_room_kobold]
Orc:2:    st_orc_elflike, layout_diamond_mine, serial_shops, shop
Elf:1:    nicolae_elf_arrival_no_cutting_in_line, layout_gridlike,
          hangedman_elven_crosses_minicolossus, uniq_asterion
Elf:2:    nicolae_elf_blades_splatter_lattice [nooodl_blade_entry_preview],
          layout_onion_city, serial_shops, bzr_entry_safe, nicolae_shop_crystal,
          shop, nicolae_shop_tiny_glass, minivault_16
Elf:3:    minmay_elf_hall_curves, layout_geoelf_octagon, serial_shops, shop,
          nicolae_wooded_promenade, minivault_13
Vaults:1: lightli_enter_wizlab_magi_temple, nicolae_vaults_circle_grid_b,
          st_quartered_hall, v_misc_13, nicolae_vaults_little_squares_4,
          v_misc_26, vaults_dpeg_encased_lava,
          nicolae_vaults_heart-shaped_vault, vaults_mumra_hex,
          layout_vaults_chaotic_city
Vaults:2: hangedman_vaults_stream, nicolae_vaults_closet_pinwheel_4,
          nicolae_vaults_border_crossing, ontoclasm_vaults_loading_screen,
          nicolae_vaults_hexular_roomagon, nicolae_vaults_little_squares_2,
          nicolae_vaults_more_shelving_1, nicolae_vaults_doubleplus_tesselated,
          nicolae_vaults_closet_pinwheel_5, ontoclasm_vaults_idyll,
          nicolae_vaults_little_squares_4, vaults_dpeg_hooks,
          vaults_dpeg_diagonal, layout_vaults_big_cross, uniq_margery
Vaults:3: nicolae_vaults_closet_pinwheel_1, nicolae_vaults_more_shelving_2,
          nicolae_vaults_storage_closets_1, v_pattern_3, v_misc_12,
          nicolae_vaults_tetromino_Z_2, v_misc_23, vaults_mumra_chevron_long,
          nicolae_vaults_rhombus_7, minmay_crypt_entry_simple_box,
          nicolae_vaults_trapezoid_lopsided_1, nicolae_vaults_house_1,
          layout_vaults_maze_snakey, uniq_boris, uniq_saint_roka
Vaults:4: nicolae_vaults_two_Ls, ontoclasm_vaults_gateway, v_pattern_2,
          hangedman_vaults_corner, hangedman_vaults_nodes,
          nicolae_vaults_ring_of_whatevers, vaults_room_semicircle,
          grunt_vaults_bifocal, nicolae_vaults_heart-shaped_vault,
          vaults_room_hallway, nicolae_vaults_wine_cellar, v_alt_pattern_1,
          nicolae_vaults_weapon_check, layout_vaults_omnigrid
Vaults:5
Crypt:1:  layout_misc_corridors
Crypt:2:  layout_gridlike, st_stairs_6, uniq_jory, uniq_vv, uniq_josephina,
          uniq_grunn
Crypt:3:  church_of_pain_bobbens, layout_chaotic_city,
          nicolae_tomb_entry_rubble_hallway
Tomb:1
Depths:1: layout_basic, enter_ziggurat_b, hell_entry,
          nemelex_xobeh_ov_fountains_minmay, nrook_mini_backslash,
          kennysheep_generic_room_2
Depths:2: minmay_open_boxes_in_corner, layout_gridlike, hellmouth_1,
          rand_demon_pan_entry_8, serial_shops, bzr_entry_dummy,
          nicolae_triple_integral, minmay_staircase_bubble
Depths:3: minmay_the_grid_triangle_9x9_recursive_3_mashed
          [minmay_the_grid_triangle_9x9_checkered,
          minmay_the_grid_triangle_9x9_semitri,
          minmay_the_grid_triangle_9x9_descending_squares,
          minmay_the_grid_triangle_9x9_prize_center,
          minmay_the_grid_triangle_9x9_warning,
          minmay_the_grid_triangle_9x9_stretched_checkered,
          minmay_the_grid_triangle_9x9_sprig,
          minmay_the_grid_triangle_9x9_steps,
          minmay_the_grid_triangle_9x9_negative_grid], layout_honeycomb,
          minmay_misc_feat_diagonals, hell_entry, hangedman_abyss_entry_splay
Depths:4: regret_index_qazlal_generations, layout_gridlike, hell_entry,
          muffindrake_ghost_three_little_ghosts, enter_trove_1,
          okawaru_ov_weapons_minmay, serial_bayou_shore_b
Zot:1:    hellmonk_paralyzer, layout_misc_corridors, guppyfry_library_mini
Zot:2:    layout_concentric_octagons, zot_minivault_1, grunt_megastairs_1
Zot:3:    layout_gridlike, grunt_megastairs_5
Zot:4:    layout_concentric_octagons, hangedman_hellfire_club, uniq_tiamat
Zot:5:    layout_gridlike

Skill      XL: |  1  2  3  4  5  6  7  8  9 10 11 12 13 14 15 16 17 18 19 20 21 22 23 24 25 26 27 |
---------------+----------------------------------------------------------------------------------+-----
Short Blades   | 2 3 |  3.5
Fighting       | 1 2 4 5 6 7 9 10 11 13 14 17 | 17.7
Spellcasting   | 2 3 4 5 6 7 8 10 11 12 14 15 16 17 18 19 | 19.0
Hexes          | 3 4 5 |  5.0
Ice Magic      | 1 2 5 6 |  6.6
Necromancy     | 2 3 |  3.0
Dodging        | 2 3 4 5 6 7 8 9 12 14 17 | 17.8
Stealth        | 3 4 6 7 8 |  8.0
Evocations     | 2 4 5 6 |  6.0
Summonings     | 4 6 7 |  7.0
Conjurations   | 3 5 6 10 12 | 12.3
Earth Magic    | 3 7 10 11 12 13 15 16 18 19 21 22 23 24 25 | 25.1
Shields        | 5 8 13 14 15 16 17 18 | 18.0
Armour         | 3 4 6 8 |  8.2
Throwing       | 3 |  3.0
Polearms       | 4 |  4.0
Translocations | 3 6 |  6.0

Action                     |  1- 3 |  4- 6 |  7- 9 | 10-12 | 13-15 | 16-18 | 19-21 | 22-24 | 25-27 || total
---------------------------+-------+-------+-------+-------+-------+-------+-------+-------+-------++-------
  Melee: Dagger            |   141 |    62 |   167 |    93 |       |       |       |       |       ||   463
         Punch             |     1 |     1 |     7 |       |       |       |       |       |       ||     9
         Mace              |       |    15 |    17 |       |       |       |       |       |       ||    32
         Broad axe         |       |       |       |     1 |     3 |       |       |       |       ||     4
         Lance             |       |       |       |       |    99 |    24 |   168 |    64 |    16 ||   371
         Staff             |       |       |       |       |       |       |       |     3 |     5 ||     8
  Throw: Stone             |     5 |     5 |     1 |       |       |       |       |       |       ||    11
         Boomerang         |       |       |    23 |     6 |       |       |       |       |       ||    29
         Javelin           |       |       |     3 |       |     9 |     1 |       |       |       ||    13
         Dart              |       |       |       |     7 |     4 |     1 |     1 |       |       ||    13
   Cast: Ensorcelled Hiber |    18 |    36 |    75 |     7 |       |       |       |       |       ||   136
         Necrotise         |       |    16 |   111 |    36 |       |       |       |       |       ||   163
         Confusing Touch   |       |     1 |    16 |     4 |       |       |       |       |       ||    21
         Tukima's Dance    |       |       |     7 |    13 |       |       |       |       |       ||    20
         Summon Ice Beast  |       |       |     7 |    92 |   156 |    39 |       |       |       ||   294
         Dazzling Flash    |       |       |     1 |       |    11 |       |       |       |       ||    12
         Stone Arrow       |       |       |       |   227 |   443 |   103 |       |     3 |       ||   776
         Lee's Rapid Decon |       |       |       |    24 |   379 |   291 |     8 |     1 |     5 ||   708
         Iskenderun's Myst |       |       |       |       |     6 |       |       |       |       ||     6
         Iron Shot         |       |       |       |       |       |   382 |   970 |   219 |   227 ||  1798
         Shatter           |       |       |       |       |       |       |    43 |   264 |   145 ||   452
         Lehudib's Crystal |       |       |       |       |       |       |       |     4 |    26 ||    30
         Passwall          |       |       |       |       |       |       |       |       |     6 ||     6
         Blink             |       |       |       |       |       |       |       |       |     1 ||     1
  Evoke: Wand              |       |       |     2 |     8 |    10 |    21 |     8 |     3 |     9 ||    61
         Lightning rod     |       |       |       |     5 |     3 |     4 |       |       |       ||    12
         Phial of floods   |       |       |       |       |       |     1 |       |       |       ||     1
         Tin of tremorston |       |       |       |       |       |       |     4 |       |       ||     4
         Box of beasts     |       |       |       |       |       |       |       |     1 |       ||     1
         Phantom mirror    |       |       |       |       |       |       |       |       |     1 ||     1
    Use: Potion            |     1 |     5 |     5 |     1 |     4 |     1 |     3 |     3 |     8 ||    31
         Scroll            |     1 |     5 |    14 |     6 |    13 |     9 |     6 |     2 |     9 ||    65
   Stab: Sleeping          |    17 |    26 |    38 |     1 |     1 |       |       |       |       ||    83
         Invisible         |     2 |       |       |       |     2 |       |       |       |       ||     4
         Distracted        |       |     1 |       |       |     3 |       |       |       |       ||     4
         Confused          |       |     2 |     6 |     1 |       |       |       |       |       ||     9
 Armour: Robe              |    18 |    15 |    87 |   107 |     4 |       |    30 |    47 |    17 ||   325
         Ring mail         |       |       |       |       |   240 |   152 |   120 |       |       ||   512
  Dodge: Dodged            |    73 |    52 |   156 |   199 |   304 |   153 |   135 |    85 |    83 ||  1240
         Repelled          |       |       |       |       |       |     5 |     1 |    11 |    19 ||    36
  Block: Buckler           |       |       |       |    14 |   103 |    42 |    18 |     6 |       ||   183
         Kite shield       |       |       |       |       |       |   113 |   366 |    99 |    61 ||   639
